 Dungeon Crawl Stone Soup version 0.23-b1-49-g13d5857 (webtiles) character file.

Game seed: 15076194954383493467

1703 HEYYEYAAE the Quickloader (level 9, -3/54 HPs)
             Began as an Octopode Hunter on Feb 3, 2019.
             Slain by a sky beast (5 damage)
             ... on level 6 of the Dungeon.
             The game lasted 00:07:56 (8003 turns).

HEYYEYAAE the Quickloader (Octopode Hunter)         Turns: 8003, Time: 00:07:56

Health: -3/54      AC:  1    Str: 12    XL:     9   Next: 3%
Magic:  9/9        EV: 13    Int: 13    God:
Gold:   279        SH:  0    Dex: 15    Spells: 6/8 levels left

rFire    . . .     SeeInvis .   h - +0 flail (drain)
rCold    . . .     Gourm    +   (no shield)
rNeg     . . .     Faith    .   o - +0 hat
rPois    .         Spirit   .   l - amulet of the gourmand
rElec    .         Reflect  .   (no ring)
rCorr    .         Harm     .   (no ring)
MR       .....                  (no ring)
Stlth    +++.......             (no ring)
HPRegen  0.18/turn              (no ring)
MPRegen  0.11/turn              (no ring)
                                (no ring)
                                (no ring)

@: no status effects
A: almost no armour, stealthy swim, amphibious, 8 rings, constrict 8, camouflage
1, gelatinous body 1
a: no special abilities


You were on level 6 of the Dungeon.
You were not hungry.

You visited 1 branch of the dungeon, and saw 6 of its levels.

You collected 279 gold pieces.

Inventory:

Hand Weapons
 a - a +1 hand crossbow
 h - a +0 flail of draining (weapon)
 j - a +2 whip of electrocution
 s - the cursed +1 hunting sling of Ichoxuc {freeze, *Slow +Fly MR+ Str+5}
   (You found it on level 4 of the Dungeon)

   It causes projectiles fired from it to freeze those they strike, causing
   extra injury to most foes and up to half again as much damage against
   particularly susceptible opponents.
   They can also slow down cold-blooded creatures.
   It affects your strength (+5).
   It affects your resistance to hostile enchantments.
   It lets you fly.
   It may slow you when you take damage.
   It has a curse placed upon it.
Missiles
 b - 17 bolts
 x - 29 sling bullets
Armour
 o - a +0 hat (worn)
Jewellery
 k - an uncursed ring of fire
 l - an amulet of the gourmand (around mantle)
 p - an uncursed ring of ice
Wands
 v - a wand of flame (18)
Scrolls
 e - 2 scrolls of teleportation
 g - a scroll of enchant weapon {unknown}
 m - a scroll of random uselessness {unknown}
 n - 2 scrolls of magic mapping {unknown}
 u - a scroll of blinking {unknown}
 w - a scroll of immolation {unknown}
Potions
 c - a potion of flight {unknown}
 i - a potion of mutation
 q - a potion of ambrosia
 r - 2 potions of degeneration {unknown}
 t - a potion of heal wounds {unknown}
Comestibles
 d - 9 rations


   Skills:
 - Level 2.0 Fighting
 + Level 10.3 Crossbows
 - Level 2.0 Dodging
 - Level 1.3 Stealth
 + Level 5.7 Translocations


You had 6 spell levels left.
You knew the following spells:

 Your Spells              Type           Power        Failure   Level  Hunger
a - Blink                 Tloc           N/A          4%          2    ###....

Your spell library contained the following spells:

 Spells                   Type           Power        Failure   Level  Hunger
 Gell's Gravitas          Tloc           ##........   9%          3    ####...
 Confusing Touch          Hex            #.....       30%         1    ##.....
 Magic Dart               Conj           #...         30%         1    ##.....
 Call Imp                 Summ           #.......     43%         2    ###....
 Slow                     Hex            #.......     43%         2    ###....
 Confuse                  Hex            #.......     67%         3    ####...
 Conjure Flame            Conj/Fire      #.......     67%         3    ####...
 Mephitic Cloud           Conj/Pois/Air  #.......     67%         3    ####...
 Petrify                  Tmut/Erth      #.......     97%         4    #####..
 Metabolic Englaciation   Hex/Ice        #.........   100%        5    ######.
 Yara's Violent Unravell  Hex/Tmut       #.........   100%        5    ######.


Dungeon Overview and Level Annotations

Branches:
Dungeon (6/15)
 Temple: D:4-7

Altars:
Nemelex Xobeh

Shops:
D:4 %

Annotations:
D:3 1 runed translucent door, Crazy Yiuf


Innate Abilities, Weirdness & Mutations

You cannot wear most types of armour.
You are very stealthy in the water. (Stealth+)
You are amphibious.
You can wear up to eight rings at the same time.
You can use your tentacles to constrict eight enemies at once.
Your skin changes colour to match your surroundings (Stealth+).
Your rubbery body absorbs attacks. (AC +1, EV +1)


Message History

The sky beast shocks you.
* * * LOW HITPOINT WARNING * * *
You closely miss the sky beast.
The sky beast is heavily wounded.
The sky beast barely misses you. The sky beast hits you.
* * * LOW HITPOINT WARNING * * *
The sky beast shocks you.
* * * LOW HITPOINT WARNING * * *
You closely miss the sky beast.
The sky beast is heavily wounded.
The sky beast hits you.
* * * LOW HITPOINT WARNING * * *
The sky beast shocks you.
* * * LOW HITPOINT WARNING * * *
You hit the sky beast. You drain the sky beast.
The sky beast is almost dead.
The sky beast hits you.
* * * LOW HITPOINT WARNING * * *
The sky beast shocks you.
You die...

#...##.#.#.##
#...##......#
#...........#
....####.##.#
##.### #.##.#
#. ##.##.#
#..##.#
#####.###.#
#..Y@.# #.#
#.##### .#
#ยง# #.#
#........
#..######
#..# ....
#...#


You could see a sky beast.

Vanquished Creatures
  Pikel (D:5)
  An ice beast (D:5)
  A phantom (D:3)
  A centaur (D:5)
  An ogre (D:5)
  A bullfrog (D:6)
  4 scorpions (D:4)
  A bullfrog zombie (D:5)
  A gnoll shaman (D:4)
  2 hounds (D:4)
  Natasha (thrice) (D:4)
  An iguana (D:6)
  6 worker ants
  8 gnolls
  9 adders
  An ooze (D:2)
  An adder zombie (D:5)
  2 adder skeletons
  2 worms
  6 leopard geckos
  6 orcs
  7 bats
  4 giant cockroaches
  7 goblins
  7 hobgoblins
  12 jackals
  3 quokkas
  2 ball pythons
  2 frilled lizards
  A jackal zombie (D:5)
  6 kobolds
  A leopard gecko skeleton (D:4)
  A quokka skeleton (D:4)
  9 rats
121 creatures vanquished.

Notes
Turn   | Place    | Note
-------+----------+-------------------------------------------
     0 | D:1      | HEYYEYAAE the Octopode Hunter began the quest for the Orb.
     0 | D:1      | Reached XP level 1. HP: 14/14 MP: 1/1
    72 | D:1      | Reached XP level 2. HP: 16/19 MP: 2/2
   207 | D:1      | Reached XP level 3. HP: 24/24 MP: 3/3
   267 | D:1      | Reached skill level 5 in Crossbows
  1128 | D:2      | Reached XP level 4. HP: 23/29 MP: 4/4
  2089 | D:3      | Reached skill level 6 in Crossbows
  2313 | D:3      | HP: 2/43 [leopard gecko (3)]
  2329 | D:3      | Reached XP level 5. HP: 5/34 MP: 5/5
  2694 | D:3      | Found a sparkling altar of Nemelex Xobeh.
  2718 | D:3      | Found a runed translucent door.
  2719 | D:3      | Noticed Crazy Yiuf
  3134 | D:4      | Reached skill level 7 in Crossbows
  3177 | D:4      | Noticed a phantom
  3237 | D:3      | Killed a phantom
  3237 | D:3      | Reached XP level 6. HP: 13/39 MP: 6/6
  3541 | D:4      | Reached skill level 8 in Crossbows
  3788 | D:4      | Noticed Natasha
  3796 | D:4      | Reached XP level 7. HP: 21/45 MP: 7/7
  3801 | D:4      | Killed Natasha
  4115 | D:4      | Found Etamomn's Food Shop.
  4143 | D:4      | Found a sparkling altar of Nemelex Xobeh.
  4160 | D:4      | Learned a level 2 spell: Blink
  4405 | D:3      | HP: 2/45 [poisoned by a worker ant]
  4411 | D:3      | HP: 2/45 [poisoned by a worker ant]
  4868 | D:4      | Got an iridescent hunting sling
  4893 | D:4      | Noticed Natasha
  4895 | D:4      | Killed Natasha
  4895 | D:4      | Reached skill level 1 in Translocations
  5113 | D:4      | Noticed Natasha
  5124 | D:4      | Killed Natasha
  5327 | D:4      | Reached skill level 9 in Crossbows
  5447 | D:5      | Entered Level 5 of the Dungeon
  6208 | D:5      | Reached XP level 8. HP: 46/50 MP: 8/8
  7329 | D:5      | Identified the cursed +1 hunting sling of Ichoxuc {freeze,
                  | *Slow +Fly MR+ Str+5} (You found it on level 4 of the
                  | Dungeon)
  7450 | D:5      | Noticed Pikel
  7458 | D:5      | HP: 2/50 [Pikel/+2 whip of electrocution (19)]
  7459 | D:5      | Killed Pikel
  7459 | D:5      | Reached skill level 10 in Crossbows
  7459 | D:5      | Reached skill level 5 in Translocations
  7896 | D:6      | Reached XP level 9. HP: 43/54 MP: 9/9
  8003 | D:6      | HP: 2/54 [sky beast (2)]
  8003 | D:6      | Slain by a sky beast

Skill      XL: |  1  2  3  4  5  6  7  8 |
---------------+-------------------------+-----
Crossbows      | 5 6 7 8 9 10 | 10.3
Translocations | 2 5 |  5.7
Fighting       | |  2.0
Dodging        | |  2.0
Stealth        | |  1.3

Action                   |  1- 3 |  4- 6 |  7- 9 || total
-------------------------+-------+-------+-------++-------
Melee: Flail             |     7 |    56 |    20 ||    83
       Constrict         |     2 |     6 |     2 ||    10
       Tentacles         |       |     2 |     4 ||     6
       Whip              |       |       |     5 ||     5
 Fire: Hand crossbow     |    78 |    99 |   145 ||   322
 Cast: Blink             |       |       |     6 ||     6
Evoke: Wand              |       |       |    11 ||    11
  Use: Potion            |       |     1 |     1 ||     2
       Scroll            |       |       |     4 ||     4
 Stab: Sleeping          |       |     3 |     1 ||     4
  Eat: Chunk             |       |    15 |     8 ||    23
Armor: Skin              |     5 |    26 |     5 ||    36
Dodge: Dodged            |    30 |    42 |    56 ||   128
